Map: Ulrena

Players

Lilbow

  • Race: Protoss Protoss

MorroW - Winner!

  • Race: Protoss Protoss
  • League: Grandmaster

Event: NationWars III

VOD

https://www.youtube.com/watch?v=wfbxciiwF1I

Description

Time

  • Played on: Dec. 6, 2015, 2:55 p.m.
  • Length: 16:13
Show
View Real Time Build Order
Export as new Build Order

Lilbow Protoss 

Build Orders:  

Get SALT Encoding   

  12  0:00  Probe (Chrono Boost)  
  13  0:11  Probe (Chrono Boost)  
  14  0:18  Pylon  
  14  0:22  Probe (Chrono Boost)  
  15  0:36  Gateway, Probe (Chrono Boost)  
  15  0:42  Assimilator  
  16  0:47  Probe (Chrono Boost)  
  17  0:57  Probe (Chrono Boost)  
  17  0:58  Assimilator  
  18  1:08  Probe (Chrono Boost)  
  18  1:09  Gateway  
  19  1:19  Probe (Chrono Boost)  
  19  1:23  Cybernetics Core  
  20  1:29  Probe (Chrono Boost)  
  21  1:36  Pylon  
  22  1:40  Probe (Chrono Boost)  
  22  1:50  Probe (Chrono Boost)  
  23  1:59  Stalker x2  
  27  2:01  Warp Gate (Chrono Boost)  
  27  2:08  Mothership Core (Chrono Boost)  
  29  2:15  Pylon  
  29  2:33  Stalker x2  
  29  2:35  Probe (Chrono Boost)  
  34  2:46  Probe (Chrono Boost)  
  35  3:03  Nexus  
  35  3:10  Pylon  
  35  3:12  Probe (Chrono Boost)  
  36  3:23  Probe  
  37  3:27  Robotics Facility  
  37  3:35  Probe  
  38  3:47  Probe (Chrono Boost)  
  39  3:58  Probe (Chrono Boost)  
  40  4:09  Stalker x2, Probe (Chrono Boost)  
  45  4:12  Twilight Council  
  45  4:15  Probe (Chrono Boost), Observer  
  47  4:20  Probe (Chrono Boost)  
  48  4:26  Probe (Chrono Boost)  
  48  4:30  Probe (Chrono Boost)  
  50  4:36  Stalker x2, Probe (Chrono Boost), Observer  
  56  4:41  Probe (Chrono Boost)  
  56  4:44  Blink  
  57  4:46  Pylon  
  57  4:47  Probe (Chrono Boost)  
  57  4:51  Probe (Chrono Boost)  
  57  4:52  Assimilator  
  59  4:57  Probe (Chrono Boost)  
  59  4:58  Assimilator  
  60  5:02  Probe (Chrono Boost)  
  61  5:08  Probe (Chrono Boost)  
  61  5:09  Stalker x2  
  61  5:12  Probe (Chrono Boost)  
  67  5:14  Pylon  
  67  5:18  Probe (Chrono Boost)  
  68  5:23  Probe (Chrono Boost)  
  69  5:28  Robotics Bay  
  69  5:29  Probe (Chrono Boost)  
  69  5:33  Probe (Chrono Boost)  
  71  5:38  Stalker x2  
  71  5:40  Probe (Chrono Boost)  
  71  5:41  Pylon  
  76  5:56  Gateway  
  76  6:06  Nexus  
  76  6:08  Pylon  
  75  6:12  Sentry  
  75  6:15  Probe x2 (Chrono Boost), Disruptor (Chrono Boost)  
  82  6:23  Pylon  
  82  6:27  Stalker, Probe x2  
  86  6:36  Sentry  
  86  6:39  Probe x2  
  93  6:51  Probe x2  
  93  6:52  Observer (Chrono Boost)  
  93  7:02  Stalker x3  
  93  7:03  Probe  
  93  7:05  Probe, Pylon  
  101  7:10  Pylon  
  101  7:15  Probe  
  101  7:18  Disruptor (Chrono Boost)  
  101  7:19  Pylon  
  101  7:20  Assimilator  
  105  7:26  Stalker x3  
  105  7:27  Probe  
  105  7:29  Probe  
  113  7:33  Probe  
  114  7:49  Stalker x3, Disruptor (Chrono Boost)  
  114  7:50  Probe x2  
  125  7:54  Assimilator  
  125  7:55  Gateway x2  
  125  8:07  Probe  
  125  8:09  Probe x2  
  125  8:11  Gateway  
  128  8:14  Stalker x3  
  134  8:20  Disruptor (Chrono Boost)  
  137  8:33  Robotics Facility  
  136  8:38  Stalker x2  
  140  8:43  Pylon  
  140  8:46  Pylon x2  
  137  8:55  Disruptor (Chrono Boost)  
  137  8:58  Stalker x2  
  141  9:20  Disruptor (Chrono Boost)  
  144  9:24  Forge  
  144  9:26  Disruptor (Chrono Boost)  
  147  9:43  Nexus  
  147  9:45  Stalker x2  
  147  9:46  Stalker  
  147  9:48  Pylon  
  147  9:50  Pylon  
  153  9:57  Disruptor (Chrono Boost)  
  156  10:04  Stalker x3  
  156  10:06  Disruptor (Chrono Boost)  
  165  10:09  Pylon  
  165  10:28  Disruptor (Chrono Boost)  
  168  10:35  Stalker x2  
  168  10:36  Stalker x4  
  168  10:37  Warp Prism (Chrono Boost)  
  168  10:39  Assimilator  
  168  10:42  Photon Cannon  
  182  10:44  Photon Cannon  
  182  10:45  Photon Cannon  
  182  10:47  Photon Cannon  
  182  10:59  Disruptor (Chrono Boost)  
  172  11:08  Disruptor (Chrono Boost)  
  172  11:29  Stalker x4  
  172  11:30  Stalker  
  172  11:31  Disruptor (Chrono Boost)  
  185  11:39  Disruptor (Chrono Boost)  
  152  12:00  Stalker  
  152  12:01  Stalker x5  
  160  12:02  Disruptor (Chrono Boost)  
  167  12:10  Disruptor (Chrono Boost)  
  170  12:33  Disruptor (Chrono Boost)  
  171  12:41  Disruptor (Chrono Boost)  
  171  12:44  Stalker x6  
  181  12:52  Assimilator  
  181  13:19  Observer x2 (Chrono Boost)  
  169  13:20  Stalker x5  
  169  13:23  Photon Cannon x2  
  160  13:37  Disruptor (Chrono Boost)  
  163  13:49  Disruptor (Chrono Boost)  
  163  13:52  Stalker x5  
  176  14:08  Disruptor (Chrono Boost)  
  179  14:16  Zealot x5  
  162  14:22  Disruptor (Chrono Boost)  
  116  14:38  Stalker x5  
  94  14:39  Disruptor (Chrono Boost)  
  91  14:53  Disruptor (Chrono Boost)  
  94  15:03  Zealot x2  
  94  15:04  Zealot x3  
  104  15:10  Disruptor (Chrono Boost)  
  107  15:15  Nexus  
  100  15:24  Disruptor (Chrono Boost)  
  100  15:26  Stalker x2  
  88  15:33  Stalker, Zealot  
  82  15:39  Zealot  
  82  15:41  Disruptor (Chrono Boost)  
  87  15:49  Stalker x2  
  91  15:55  Stalker  
  91  15:56  Zealot  
  83  16:05  Stalker  
Show
View Real Time Build Order
Export as new Build Order

MorroW Protoss - Winner!

Build Orders:  

Get SALT Encoding   

  12  0:01  Probe (Chrono Boost)  
  13  0:11  Probe (Chrono Boost)  
  14  0:18  Pylon  
  14  0:22  Probe (Chrono Boost)  
  15  0:36  Probe (Chrono Boost)  
  15  0:38  Gateway  
  16  0:44  Assimilator  
  16  0:46  Probe (Chrono Boost)  
  17  0:57  Probe (Chrono Boost)  
  17  1:02  Assimilator  
  18  1:08  Probe (Chrono Boost)  
  19  1:18  Probe (Chrono Boost)  
  20  1:21  Pylon  
  20  1:25  Cybernetics Core  
  20  1:29  Probe (Chrono Boost)  
  21  1:39  Probe (Chrono Boost)  
  22  1:50  Probe (Chrono Boost)  
  23  2:04  Mothership Core (Chrono Boost), Adept (Chrono Boost), Warp Gate (Chrono Boost)  
  27  2:17  Pylon  
  27  2:22  Robotics Facility  
  27  2:27  Probe  
  28  2:31  Stalker (Chrono Boost)  
  30  2:47  Nexus  
  30  2:50  Probe  
  29  3:00  Stalker (Chrono Boost)  
  29  3:03  Probe  
  32  3:16  Immortal  
  32  3:19  Probe  
  39  3:27  Stalker (Chrono Boost)  
  39  3:32  Pylon  
  39  3:50  Probe  
  39  3:55  Immortal (Chrono Boost)  
  44  4:05  Probe x2 (Chrono Boost)  
  45  4:11  Sentry  
  45  4:16  Twilight Council  
  47  4:17  Probe x2 (Chrono Boost)  
  49  4:27  Pylon  
  49  4:28  Probe x2 (Chrono Boost)  
  51  4:33  Observer  
  53  4:38  Probe x2 (Chrono Boost)  
  53  4:43  Stalker  
  56  4:48  Pylon  
  56  4:49  Probe x2 (Chrono Boost)  
  58  4:54  Blink (Chrono Boost)  
  58  5:00  Probe x2  
  58  5:04  Observer  
  58  5:06  Assimilator  
  61  5:09  Assimilator  
  61  5:12  Probe x2  
  63  5:18  Gateway  
  63  5:20  Gateway  
  63  5:24  Gateway  
  63  5:26  Pylon  
  63  5:27  Probe  
  63  5:28  Probe  
  65  5:33  Warp Prism  
  65  5:39  Probe  
  65  5:40  Probe  
  69  5:54  Probe x2  
  69  5:55  Robotics Bay  
  70  6:06  Probe x2  
  70  6:08  Nexus  
  72  6:13  Immortal  
  76  6:24  Stalker x2  
  80  6:28  Stalker  
  80  6:32  Probe x2  
  84  6:44  Probe x2  
  86  6:56  Pylon x3  
  86  7:03  Robotics Facility  
  86  7:07  Probe  
  86  7:08  Disruptor  
  86  7:14  Probe  
  90  7:17  Pylon  
  90  7:20  Adept x2  
  94  7:23  Stalker x2  
  94  7:24  Probe, Pylon  
  94  7:25  Probe  
  96  7:42  Stargate  
  96  7:44  Probe, Disruptor (Chrono Boost)  
  96  7:45  Probe x2, Assimilator  
  96  7:46  Assimilator  
  96  7:49  Pylon  
  96  7:50  Disruptor (Chrono Boost)  
  105  7:55  Forge  
  105  8:00  Stalker  
  105  8:01  Stalker  
  105  8:04  Stalker x2  
  113  8:07  Probe  
  113  8:08  Probe x2  
  116  8:26  Probe x2  
  116  8:27  Stalker x2  
  122  8:39  Protoss Ground Weapons Level 1  
  122  8:40  Gateway x2  
  122  8:41  Gateway, Disruptor x2 (Chrono Boost)  
  128  8:43  Gateway  
  128  8:44  Oracle  
  131  8:58  Photon Cannon  
  131  9:00  Photon Cannon  
  131  9:01  Photon Cannon  
  127  9:12  Disruptor x2 (Chrono Boost)  
  133  9:17  Adept  
  133  9:18  Adept x2  
  139  9:43  Disruptor x2 (Chrono Boost)  
  139  9:46  Nexus  
  136  10:03  Stalker x5  
  146  10:12  Photon Cannon  
  148  10:14  Warp Prism (Chrono Boost), Assimilator  
  148  10:18  Assimilator  
  148  10:21  Pylon x2  
  148  10:22  Pylon  
  148  10:23  Pylon  
  148  10:39  Disruptor (Chrono Boost), Protoss Ground Weapons Level 2  
  151  10:45  Disruptor (Chrono Boost)  
  154  10:50  Stargate  
  154  10:55  Fleet Beacon  
  146  11:08  Oracle  
  146  11:10  Disruptor (Chrono Boost)  
  152  11:16  Disruptor (Chrono Boost)  
  152  11:18  Dark Shrine  
  149  11:21  Probe, Zealot  
  149  11:22  Probe  
  149  11:23  Probe x2  
  155  11:35  Probe  
  154  11:41  Disruptor (Chrono Boost)  
  154  11:43  Stalker x4  
  150  12:06  Stalker x7  
  159  12:09  Tempest x2  
  170  12:37  Disruptor x2 (Chrono Boost)  
  170  12:52  Dark Templar x3, Tempest x2  
  170  12:56  Zealot x2  
  170  12:57  Zealot x3  
  194  13:10  Nexus  
  191  13:17  Disruptor x2 (Chrono Boost)  
  188  13:42  Tempest x2  
  190  13:53  Stalker x3  
  194  13:58  Probe x2  
  194  13:59  Probe x2  
  194  14:02  Pylon  
  182  14:11  Probe  
  179  14:23  Stalker  
  179  14:24  Stalker x7  
  174  14:32  Tempest x2  
  146  15:03  Stalker x6  
  158  15:15  Tempest  
  158  15:26  Stalker x5  
  158  15:27  Stalker  
  135  15:38  Dark Templar x2  
  136  15:46  Photon Cannon  
  136  15:59  Stalker x5  
Tags
 
Add a new tag
Caveats
  • Supply blocks, unpowered buildings, or Contaminate may cause inaccurate times.
  • Supply counts are checked every 10 seconds.